 Dungeon Crawl Stone Soup version 0.28.0-45-g0d030f2227 (webtiles) character file.

Game seed: 11609815922177720776

428 pkoi the Insei (level 6, 0/52 HPs)
             Began as a Demigod Gladiator on Apr 19, 2022.
             Slain by an orc
             ... wielding a +0 dagger
              (2 damage)
             ... on level 5 of the Dungeon.
             The game lasted 00:03:38 (4383 turns).

pkoi the Insei (Demigod Gladiator)                  Turns: 4383, Time: 00:03:38

Health: 0/52       AC:  6    Str: 19    XL:     6   Next: 38%
Magic:  8/8        EV: 13    Int: 10    God:
Gold:   140        SH:  0    Dex: 19    Spells: 5/5 levels left

rFire   + . .      SeeInvis .   l - +6 long sword of Eternal Harmony {vorpal, rF+ rC+}
rCold   + . .      Faith    .   (no shield)
rNeg    . . .      Spirit   .   a - +0 leather armour
rPois   .          Reflect  .   b - +0 helmet
rElec   .          Harm     .   n - +0 cloak
rCorr   .          Rampage  .   (no gloves)
Will    .....                   p - +0 pair of boots
Stlth   +.........              (no amulet)
HPRegen 0.17/turn               (no ring)
MPRegen 0.11/turn               (no ring)

@: lethally poisoned (0 -> -27)
A: high MP 1, forlorn, divine attributes
a: no special abilities


You were on level 5 of the Dungeon.
You visited 1 branch of the dungeon, and saw 5 of its levels.

You collected 140 gold pieces.

Inventory:

Hand Weapons
 d - a +0 dagger
 l - the +6 long sword of Eternal Harmony (weapon) {vorpal, rF+ rC+}
   (You found it on level 2 of the Dungeon)

   It inflicts extra damage upon your enemies.
   rF:        It protects you from fire.
   rC:        It protects you from cold.
Missiles
 c - 3 throwing nets (quivered)
Armour
 a - a +0 leather armour (worn)
 b - a +0 helmet (worn)
 n - a +0 cloak (worn)
 p - a +0 pair of boots (worn)
Wands
 q - a wand of polymorph (6)
Scrolls
 i - a scroll of identify
Potions
 g - a potion of flight
 h - a potion of magic
 j - a potion of cancellation
 o - a potion of might


   Skills:
 + Level 3.7 Fighting
 + Level 2.5 Long Blades
 - Level 1.7 Throwing
 + Level 1.2 Armour
 + Level 3.2 Dodging
 + Level 4.7 Unarmed Combat


You had 5 spell levels left.
You didn't know any spells.
Your spell library contained the following spells:

 Spells                   Type           Power      Damage    Failure   Level
 Pain                     Necr           0%         1d4       41%         1
 Ensorcelled Hibernation  Hex/Ice        0%         N/A       56%         2
 Passwall                 Tmut/Erth      0%         N/A       56%         2
 Swiftness                Air            0%         N/A       80%         3
 Agony                    Necr           0%         N/A       100%        5
 Excruciating Wounds      Necr           0%         N/A       100%        5


Dungeon Overview and Level Annotations

Branches:
Dungeon (5/15)
 Temple: D:4-7


Innate Abilities, Weirdness & Mutations

You have an increased reservoir of magic. (+10% MP)
You shall have no god before yourself.
Your divine heritage dramatically boosts your attributes as you level up.


Message History

You are too injured to fight recklessly!
You are too injured to fight recklessly!
Unknown command.
There is an open door here.
You barely miss the water moccasin.
The water moccasin is moderately wounded.
The water moccasin bites you but does no damage. x2
You barely miss the water moccasin.
The water moccasin is moderately wounded.
The water moccasin bites you but does no damage.
The water moccasin bites you!
* * * LOW HITPOINT WARNING * * *
You hit the water moccasin.
The water moccasin is moderately wounded.
The water moccasin bites you but does no damage.
The water moccasin bites you.
* * * LOW HITPOINT WARNING * * *
You slash the water moccasin!
The water moccasin is severely wounded.
The water moccasin bites you.
* * * LOW HITPOINT WARNING * * *
You are poisoned.
The water moccasin poisons you! The water moccasin bites you.
* * * LOW HITPOINT WARNING * * *
You are lethally poisoned!
The water moccasin poisons you!
You barely miss the water moccasin.
The water moccasin is severely wounded.
* * * LOW HITPOINT WARNING * * *
You feel extremely sick. The water moccasin bites you.
* * * LOW HITPOINT WARNING * * *
You are more poisoned.
The water moccasin poisons you!
You hit the water moccasin. You punch the water moccasin.
You kill the water moccasin!
* * * LOW HITPOINT WARNING * * *
You feel extremely sick. The orc hits you with a +0 dagger.
You die...

#....# ###.##########
###....###............#
#.....................#
##.#####'#######'####..#
#..###.....###.....# .
#..##.....###..)..##
#.###..#.....###.....##
...<...#.)..###.....##
#.####.'...###..@..## #
#.#..## ###o### ...#.##
#.....# #....### #..?..#
#....# +.?.).+ ......#
#..(..# .......# #.....#
######.# ###+###


You could see an orc.

Vanquished Creatures
  A water moccasin (D:5)
  An ogre (D:4)
  A centaur (D:5)
  A hound (D:3)
  A gnoll shaman (D:5)
  A killer bee zombie (D:4)
  A hound skeleton (D:5)
  9 adders
  A dart slug (D:2)
  2 worms (D:3)
  3 orcs
  8 ball pythons
  5 endoplasms
  4 giant cockroaches
  12 goblins
  8 hobgoblins
  4 jackals (D:4)
  5 kobolds (D:2)
  5 quokkas
  A ball python zombie (D:3)
  7 bats
  3 frilled lizards
  A giant cockroach zombie (D:3)
  7 rats
92 creatures vanquished.

Notes
Turn   | Place    | Note
-------+----------+-------------------------------------------
     0 | D:1      | pkoi the Demigod Gladiator began the quest for the Orb.
     0 | D:1      | Reached XP level 1. HP: 17/17 MP: 3/3
   163 | D:1      | Reached skill level 3 in Unarmed Combat
   351 | D:1      | Reached XP level 2. HP: 19/24 MP: 4/4
  1158 | D:2      | Reached XP level 3. HP: 24/30 MP: 5/5
  1254 | D:2      | Identified the +6 long sword of Eternal Harmony {vorpal,
                  | rF+ rC+}
  2008 | D:3      | Reached XP level 4. HP: 35/37 MP: 6/6
  2088 | D:3      | Reached skill level 1 in Long Blades
  2201 | D:3      | Reached skill level 4 in Unarmed Combat
  3104 | D:4      | Reached XP level 5. HP: 38/45 MP: 7/7
  3790 | D:4      | Noticed an ogre
  3796 | D:4      | Killed an ogre
  3995 | D:5      | Entered Level 5 of the Dungeon
  4008 | D:5      | Reached XP level 6. HP: 29/51 MP: 8/8
  4229 | D:5      | Reached skill level 1 in Armour
  4373 | D:5      | Noticed a water moccasin
  4383 | D:5      | Killed a water moccasin
  4383 | D:5      | HP: 2/52 [poisoned by a water moccasin]
  4383 | D:5      | Slain by an orc

Illustrated notes

Levels and vault maps discovered:
D:1:      dpeg_arrival_subterranean_lakeside_camping, layout_basic
D:2:      layout_basic
D:3:      layout_rooms, fedhas_altar_2, lemuel_zombie_altar_yredelemnul,
          hellmonk_ecumenical_altar_blasted, grunt_ministairs_12,
          grunt_decor_fettered, hangedman_decor_push
D:4:      layout_basic, mainiacjoe_overflow_catch_the_wave,
          hangedman_decor_clover_reticule, nrook_campfire
D:5:      layout_basic, lemuel_tele_altar, vehumet_altar_wand_db,
          gup_sewer_entry_spiral, minmay_quadrilaterals

Skill      XL: |  1  2  3  4  5  6 |
---------------+-------------------+-----
Fighting       | 2 3 |  3.7
Unarmed Combat | 3 4 |  4.7
Long Blades    | 1 2 |  2.5
Dodging        | 3 |  3.2
Armour         | 1 |  1.2
Throwing       | |  1.7

Action                   |  1- 3 |  4- 6 || total
-------------------------+-------+-------++-------
Melee: Unarmed           |   100 |       ||   100
       Punch             |     3 |     5 ||     8
       Long sword        |    27 |   106 ||   133
  Use: Scroll            |       |    11 ||    11
 Stab: Sleeping          |     1 |       ||     1
Armor: Leather armour    |    56 |    45 ||   101
Dodge: Dodged            |    88 |    86 ||   174
